 Dungeon Sprint DCSS version 0.30.1-4-g462c640d31 (webtiles) character file.

Game seed: 7295554773768230500

5796 boopmooplesden the Bludgeoner (level 10, -2/162 HPs)
             Began as an Armataur Berserker on Aug 15, 2023.
             Was the Champion of Trog.
             Slain by a boulder beetle (14 damage)
             ... in the Dungeon (Sprint IX: "|||||||||||||||||||||||||||||").
             The game lasted 00:01:41 (553 turns).

boopmooplesden the Bludgeoner (Armataur Berserker)   Turns: 553, Time: 00:01:41

Health: -2/162     AC: 19    Str: 28    XL:     10   Next: 50%
Magic:  10/10      EV: 11    Int:  8    God:    Trog [******]
Gold:   0          SH:  0    Dex: 14    Spells: 9/9 levels left

rFire   . . .        k - +2 dire flail (protect)
rCold   . . .        (shield currently unavailable)
rNeg    . . .        n - +1 scale mail
rPois   .            l - +0 helmet
rElec   .            (no cloak)
rCorr   .            m - +0 pair of gloves
SInv    .            (no barding)
Will    .....        (no amulet) Stlth
                     o - +3 ring of dexterity
HPRegen 0.47/turn    p - +3 ring of strength
MPRegen 0.12/turn

%: no teleportation, roll
@: berserking, under a protective aura, very quick
A: large, rugged brown scales 3, deformed body, armoured tail, roll, long
tongue, awkward tongue
a: Renounce Religion, Berserk, Trog's Hand, Brothers in Arms


You were in the Dungeon.
You worshipped Trog.
Trog was exalted by your worship.
You visited 1 branch

Inventory:

Hand Weapons
 a - a +0 mace
 k - a +2 dire flail of protection (weapon)
 u - a +4 triple sword of flaming
Armour
 b - a +0 animal skin
 l - a +0 helmet (worn)
 m - a +0 pair of gloves (worn)
 n - a +1 scale mail (worn)
Jewellery
 o - a +3 ring of dexterity (left hand)
 p - a +3 ring of strength (right hand)
Wands
 j - a wand of quicksilver (10)
Scrolls
 h - 6 scrolls of blinking
 r - 4 scrolls of fog
 s - a scroll of identify
 t - a scroll of fear
Potions
 c - 7 potions of curing
 d - 5 potions of heal wounds
 e - a potion of haste
 f - 4 potions of magic
 g - a potion of berserk rage
 i - a potion of invisibility
 q - a potion of might


   Skills:
 + Level 13.0 Fighting
 + Level 16.4 Maces & Flails
 + Level 9.0 Armour
 + Level 7.3 Dodging
 + Level 0.4 Stealth


You had 9 spell levels left.
You didn't know any spells.
Your spell library was empty.

Dungeon Overview and Level Annotations

Branches:
Dungeon (1/1)

Altars:
Cheibriados
Dithmenos
Elyvilon
Fedhas
Gozag
Hepliaklqana
Kikubaaqudgha
Makhleb
Nemelex Xobeh
Okawaru
Qazlal
Ru
Sif Muna
Trog
Uskayaw
Vehumet
Wu Jian
Xom
Yredelemnul
Zin
The Shining One
Jiyva
Lugonu


Innate Abilities, Weirdness & Mutations

You are completely covered in rugged brown scales. (AC +3, +7% HP)
Armour fits poorly on your strangely shaped body.
You have a long armoured tail.
You roll when moving toward enemies. (Rampage)
Your long tongue fully drains potion bottles. (2x potion effects)
Your tongue gives you trouble enunciating. (1.5x scroll delay)


Message History

You roll towards the yak!
You puncture the yak!
The yak is moderately wounded.
You feel sick.
You sock the yak!
The yak is heavily wounded.
The boulder beetle hits you!!!
* * * LOW HITPOINT WARNING * * *
The boulder beetle stops rolling and uncurls.
The yak gores you.
* * * LOW HITPOINT WARNING * * *
You impale the yak!!
You kill the yak!
Trog accepts your kill.
You feel sick.
Your Fighting skill increases to level 13!
You see here a yak corpse.
You feel a strong urge to attack something.
You feel sick.
You roll towards the boulder beetle!
You hit the boulder beetle but do no damage.
The boulder beetle bites you but does no damage.
You sock the boulder beetle!
The boulder beetle is lightly wounded.
You feel sick.
You impale the boulder beetle!!
You tail-slap the boulder beetle, but do no damage.
The boulder beetle is heavily wounded.
The boulder beetle bites you but does no damage.
You hit the boulder beetle.
The boulder beetle is heavily wounded.
You feel sick.
You are no longer poisoned.
You sock the boulder beetle!
The boulder beetle is severely wounded.
You puncture the boulder beetle!
Your tail-slap misses the boulder beetle.
The boulder beetle is almost dead.
The boulder beetle waves its antennae.
The boulder beetle bites you!
You die...

▓_▓.▓.▓
▓_▓.▓.▓
▓_▓.▓†▓
▓_▓.▓†▓
▓_▓.▓.▓
▓_▓.▓†▓
▓_▓.▓)▓
▓_▓.▓B▓
▓_▓.▓@▓
▓_▓.▓.▓
▓_▓.▓.▓
▓_▓.▓.▓
▓'▓.▓+▓
▓.▓.▓
▓?▓.▓
▓)▓.▓
▓.▓.▓


You could see a boulder beetle.

Vanquished Creatures
  A two-headed ogre (D)
  3 elephants (D)
  2 black mambas (D)
  A torpor snail (D)
  2 cane toads (D)
  A komodo dragon (D)
  A rime drake (D)
  A troll (D)
  A blink frog (D)
  2 wraiths (D)
  4 yaks (D)
  A wyvern (D)
  A basilisk (D)
  A vampire mosquito (D)
  An acid dragon (D)
  A water moccasin (D)
  A swamp drake (shapeshifter) (D)
  A centaur (D)
  A bullfrog (D)
  A howler monkey (D)
  A jelly (D)
  An orc wizard (D)
  An iguana (D)
  An adder (D)
  2 ufetubi (D)
  A bat (D)
  3 endoplasms (D)
  A quokka (D)
39 creatures vanquished.

Notes
Turn   | Place    | Note
-------+----------+-------------------------------------------
     0 | D        | boopmooplesden the Armataur Berserker began the quest for
                  | the Orb.
     0 | D        | Reached XP level 1. HP: 19/19 MP: 1/1
     6 | D        | Reached skill level 3 in Maces & Flails
    10 | D        | Reached ** piety under Trog
    20 | D        | Noticed an iguana
    20 | D        | Noticed a jelly
    29 | D        | Reached XP level 2. HP: 28/28 MP: 2/2
    31 | D        | Reached *** piety under Trog
    32 | D        | Reached skill level 4 in Maces & Flails
    39 | D        | Reached skill level 5 in Maces & Flails
    39 | D        | Reached XP level 3. HP: 37/37 MP: 3/3
    40 | D        | Reached skill level 5 in Fighting
    40 | D        | Reached XP level 4. HP: 44/44 MP: 4/4
    46 | D        | Found a snail-covered altar of Cheibriados.
    46 | D        | Found a shadowy altar of Dithmenos.
    46 | D        | Found a white marble altar of Elyvilon.
    46 | D        | Found a blossoming altar of Fedhas.
    46 | D        | Found an opulent altar of Gozag.
    47 | D        | Found a hazy altar of Hepliaklqana.
    48 | D        | Found a viscous altar of Jiyva.
    49 | D        | Found an ancient bone altar of Kikubaaqudgha.
    50 | D        | Found a corrupted altar of Lugonu.
    51 | D        | Found a burning altar of Makhleb.
    52 | D        | Found a sparkling altar of Nemelex Xobeh.
    53 | D        | Found an iron altar of Okawaru.
    54 | D        | Found a stormy altar of Qazlal.
    55 | D        | Found a sacrificial altar of Ru.
    56 | D        | Found a shimmering blue altar of Sif Muna.
    57 | D        | Found a bloodstained altar of Trog.
    58 | D        | Found a hide-covered altar of Uskayaw.
    59 | D        | Found a radiant altar of Vehumet.
    60 | D        | Found an ornate altar of the Wu Jian Council.
    61 | D        | Found a shimmering altar of Xom.
    62 | D        | Found a basalt altar of Yredelemnul.
    63 | D        | Found a glowing silver altar of Zin.
    64 | D        | Found a glowing golden altar of the Shining One.
   115 | D        | Noticed a vampire mosquito
   115 | D        | Noticed a yak
   115 | D        | Noticed a centaur
   115 | D        | Noticed a yak
   120 | D        | Killed a vampire mosquito
   120 | D        | Reached **** piety under Trog
   121 | D        | Reached skill level 7 in Maces & Flails
   121 | D        | Reached XP level 5. HP: 54/54 MP: 5/5
   123 | D        | Killed a yak
   124 | D        | Reached skill level 8 in Maces & Flails
   124 | D        | Reached XP level 6. HP: 65/65 MP: 6/6
   128 | D        | Reached skill level 9 in Maces & Flails
   130 | D        | Reached ***** piety under Trog
   133 | D        | Reached skill level 5 in Armour
   134 | D        | Killed a yak
   135 | D        | Reached skill level 10 in Maces & Flails
   135 | D        | Reached skill level 5 in Dodging
   135 | D        | Reached XP level 7. HP: 73/73 MP: 7/7
   185 | D        | Noticed a wraith
   185 | D        | Noticed a wraith
   185 | D        | Noticed a two-headed ogre
   185 | D        | Noticed a troll
   197 | D        | Killed a wraith
   198 | D        | Reached skill level 11 in Maces & Flails
   204 | D        | Killed a wraith
   205 | D        | Reached XP level 8. HP: 84/84 MP: 8/8
   207 | D        | Killed a two-headed ogre
   208 | D        | Reached skill level 10 in Fighting
   208 | D        | Reached skill level 12 in Maces & Flails
   210 | D        | Killed a troll
   210 | D        | Reached ****** piety under Trog
   402 | D        | Noticed a torpor snail
   402 | D        | Noticed a cane toad
   402 | D        | Noticed a blink frog
   403 | D        | Noticed a cane toad
   407 | D        | Killed a torpor snail
   407 | D        | Received a gift from Trog
   408 | D        | Reached skill level 13 in Maces & Flails
   408 | D        | Reached XP level 9. HP: 95/95 MP: 9/9
   411 | D        | Killed a cane toad
   419 | D        | Reached skill level 14 in Maces & Flails
   429 | D        | Killed a cane toad
   432 | D        | Received a gift from Trog
   517 | D        | Noticed a rime drake
   517 | D        | Noticed a black mamba
   517 | D        | Noticed a boulder beetle
   517 | D        | Noticed an elephant
   517 | D        | Noticed a black mamba
   517 | D        | Noticed an elephant
   521 | D        | Killed a rime drake
   522 | D        | Reached skill level 15 in Maces & Flails
   522 | D        | Noticed a komodo dragon
   526 | D        | Noticed an elephant
   527 | D        | Killed a black mamba
   528 | D        | Reached XP level 10. HP: 103/103 MP: 10/10
   531 | D        | Killed an elephant
   533 | D        | Killed a black mamba
   538 | D        | Killed an elephant
   539 | D        | Reached skill level 16 in Maces & Flails
   540 | D        | Identified the +6 eveningstar of the Egg {heavy, Dex+3}
                  | (Trog gifted it to you in the Dungeon)
   540 | D        | Received a gift from Trog
   542 | D        | Killed an elephant
   553 | D        | Slain by a boulder beetle

Illustrated notes

Levels and vault maps discovered:
D:        linesprint [early_d, line_temple, items_1, d_10, items_2, lair_1,
          lair_end, items_3, orc_1, orc_end, items_4, d_15, swamp_1, shoals_1,
          snake_1, spider_1, d_20, vaults_1, items_5, swamp_end, shoals_end,
          snake_end, spider_end, vaults_end, d_27, items_6, zot_1, zot_end,
          crypt_end, forest_end, elf_end, slime_end, tomb_end, abyss_end,
          pan_hell_end]

Skill      XL: |  1  2  3  4  5  6  7  8  9 10 |
---------------+-------------------------------+-----
Fighting       | 3 4 5 6 7 8 9 11 12 13 | 13.0
Maces & Flails | 3 5 7 8 10 11 13 15 16 | 16.4
Armour         | 3 4 5 7 8 9 |  9.0
Dodging        | 2 3 4 5 6 7 |  7.3
Stealth        | |  0.4

Action                     |  1- 3 |  4- 6 |  7- 9 | 10-12 || total
---------------------------+-------+-------+-------+-------++-------
  Melee: Mace              |    29 |       |       |       ||    29
         Tailslap          |     4 |     1 |     6 |     5 ||    16
         Dire flail        |       |    18 |    64 |    23 ||   105
 Invoke: Berserk           |     1 |     1 |     3 |       ||     5
 Armour: Animal skin       |    11 |       |       |       ||    11
         Scale mail        |       |     8 |    11 |     7 ||    26
  Dodge: Dodged            |    23 |     5 |    16 |     4 ||    48
